 Dungeon Crawl Stone Soup version 0.19.0-11-g3fc08b3 (webtiles) character file.

2646 moosely the Covered (level 9, -1/80 HPs)
             Began as a Deep Dwarf Fighter on Nov 9, 2016.
             Was a Priest of Vehumet.
             Slain by a vampire (2 damage)
             ... on level 9 of the Dungeon.
             The game lasted 00:43:25 (3389 turns).

moosely the Covered (Deep Dwarf Fighter)            Turns: 3389, Time: 00:43:25

Health: -1/80      AC: 10    Str: 23    XL:     9   Next: 36%
Magic:  1/1        EV:  8    Int:  9    God:    Vehumet [***...]
Gold:   324        SH: 11    Dex: 12    Spells: 2 memorised, 4 levels left

rFire  . . .     SeeInvis .     b - +0 blowgun
rCold  . . .     Gourm    .     j - +0 chain mail
rNeg   . . .     Faith    .     c - +0 shield
rPois  .         Spirit   .     (no helmet)
rElec  .         Reflect  .     (no cloak)
rCorr  .         Harm     .     (no gloves)
MR     +....                    (no boots)
Stlth  ..........               (no amulet)
                                (no ring)
                                (no ring)

@: very slightly contaminated, non-regenerating
A: damage resistance, recharge devices, sense surroundings 2, slow regeneration
3
a: Device Recharging, Renounce Religion


You were on level 9 of the Dungeon.
You worshipped Vehumet.
Vehumet was most pleased with you.
You were hungry.

You visited 2 branches of the dungeon, and saw 10 of its levels.

You collected 324 gold pieces.

Inventory:

Hand Weapons
 a - a +1 long sword
 b - a +0 blowgun (weapon)
Missiles
 n - 15 poisoned needles (quivered)
Armour
 c - a +0 shield (worn)
 j - a +0 chain mail (worn)
Wands
 d - a wand of iceblast (0/15)
 e - a wand of heal wounds (0/9)
 q - a wand of random effects (9/48)
Scrolls
 i - a scroll of identify
 k - 5 scrolls of remove curse
Potions
 g - 2 potions of flight
 l - a potion of resistance {unknown}
 m - a potion of heal wounds {unknown}
 p - a potion of ambrosia {unknown}
Books
 r - a book of Misfortune

   Spells                             Type                      Level
   a - Confusing Touch                Hexes                        1
   b - Confuse                        Hexes                        3
   c - Gell's Gravitas                Hexes/Translocation          3
   d - Petrify                        Transmutation/Earth          4
   e - Metabolic Englaciation         Hexes/Ice                    5
   f - Yara's Violent Unravelling     Hexes/Transmutation          5
Comestibles
 f - 3 bread rations
 h - 2 meat rations
 o - a fruit


   Skills:
 + Level 4.9 Fighting
 + Level 7.3 Long Blades
 + Level 0.5 Throwing
 + Level 7.5 Armour
 + Level 3.2 Dodging
 + Level 0.6 Stealth
 + Level 7.0 Shields
 + Level 0.2 Spellcasting
 + Level 0.3 Conjurations
 + Level 0.5 Fire Magic
 + Level 3.6 Evocations


You had 4 spell levels left.
You knew the following spells:

 Your Spells              Type           Power        Failure   Level  Hunger
a - Flame Tongue          Conj/Fire      #....        98%         1    ##.....
b - Ignite Poison         Fire/Tmut/Pois #.......     100%        3    ####...


Dungeon Overview and Level Annotations

Branches:
Dungeon (9/15)             Temple (1/1) D:5
   Lair: D:8-11         Orc: D:9-12

Altars:
Ashenzari
Cheibriados
Dithmenos
Elyvilon
Fedhas
Gozag
Hepliaklqana
Kikubaaqudgha
Makhleb
Nemelex Xobeh
Okawaru
Qazlal
Ru
Sif Muna
Trog
Uskayaw
Vehumet
Xom
Zin
The Shining One


Innate Abilities, Weirdness & Mutations

You are resistant to damage.
You can recharge devices by infusing magical energy.
You passively map the area around you.
You do not regenerate.


Message History

You clumsily bash something but do no damage.
Something hits you.
* * * LOW HITPOINT WARNING * * *
Something bites you.
* * * LOW HITPOINT WARNING * * *
Something draws strength from your injuries!
You closely miss something. Something hits you but does no damage.
Something bites you.
Something draws strength from your injuries!
Something hits you but does no damage. Something bites you but does no damage.
Your shield and chain mail prevent you from hitting something.
Something hits you.
* * * LOW HITPOINT WARNING * * *
Something bites you but does no damage. Something hits you!
* * * LOW HITPOINT WARNING * * *
Something bites you.
* * * LOW HITPOINT WARNING * * *
Something draws strength from your injuries!
You barely miss something. Something hits you.
You die...

#..## **,
,, , ##..#
, , ##.# *
#######'##
* * * ,,,,
*
#.......(#*
, , +
#........+
, , , , ,
*,*
#....:...#
+ , , ,
+....{...#
,,,, *
#....@..(#
, , * ,
###+######
* ** * * *
* * * * * *
** * , * ,
, ,,+ ,, ,
, * , , , ,
,, * *, *


There were no monsters in sight!

Vanquished Creatures
  Joseph (D:8)
  A wyvern (D:8)
  2 hungry ghosts
  Edmund (D:6)
  Menkaure (D:4)
  Duvessa (D:4)
  2 orc warriors
  A sky beast (D:7)
  An ogre (D:7)
  3 big kobolds (D:8)
  Dowan (D:4)
  A wyvern zombie (D:9)
  A scorpion (D:8)
  4 wights (D:6)
  4 crimson imps
  A bullfrog zombie (D:7)
  A hound (D:5)
  A jelly (D:7)
  An orc priest (D:8)
  7 orc wizards
  2 iguanas
  2 worker ants (D:4)
  2 hound skeletons
  4 adders
  2 oozes
  3 leopard geckos
  12 orcs
  5 goblins
  5 hobgoblins
  2 jackals (D:8)
  A quokka (D:7)
  5 bats
  4 frilled lizards
  A jackal skeleton (D:5)
  15 kobolds
  2 quokka skeletons
  A quokka zombie (D:8)
104 creatures vanquished.

Notes
Turn   | Place    | Note
-------+----------+-------------------------------------------
     0 | D:1      | moosely the Deep Dwarf Fighter began the quest for the Orb.
     0 | D:1      | Reached XP level 1. HP: 20/20 MP: 1/1
   400 | D:2      | Reached XP level 2. HP: 24/27 MP: 2/2
   441 | D:2      | Reached XP level 3. HP: 22/33 MP: 3/3
   532 | D:2      | Reached skill level 1 in Dodging
   678 | D:3      | Found a faded altar of an unknown god.
   686 | D:3      | Became a worshipper of Vehumet
   686 | D:3      | Reached * piety under Vehumet
   686 | D:3      | Offered knowledge of Flame Tongue by Vehumet.
   882 | D:4      | Reached XP level 4. HP: 30/42 MP: 4/4
   914 | D:4      | Learned a level 1 spell: Flame Tongue
   959 | D:4      | Noticed Menkaure
   970 | D:4      | Killed Menkaure
   970 | D:4      | Reached XP level 5. HP: 11/49 MP: 5/5
  1093 | D:4      | Found a bloodstained altar of Trog.
  1133 | D:4      | Reached XP level 6. HP: 47/56 MP: 5/5
  1237 | D:4      | Noticed Dowan
  1238 | D:4      | Noticed Duvessa
  1257 | D:4      | Killed Duvessa
  1257 | D:4      | Reached skill level 1 in Evocations
  1260 | D:4      | Killed Dowan
  1308 | D:5      | Entered Level 5 of the Dungeon
  1335 | D:5      | Found a staircase to the Ecumenical Temple.
  1342 | Temple   | Entered the Ecumenical Temple
  1569 | D:5      | Reached XP level 7. HP: 57/62 MP: 6/6
  1734 | D:6      | Reached skill level 5 in Shields
  1765 | D:6      | Reached skill level 5 in Long Blades
  1788 | D:6      | Reached ** piety under Vehumet
  1788 | D:6      | Offered knowledge of Throw Flame by Vehumet.
  1788 | D:6      | Reached skill level 5 in Armour
  1810 | D:6      | Found an iron altar of Okawaru.
  1857 | D:6      | Noticed Edmund
  1883 | D:6      | Killed Edmund
  1988 | D:7      | Noticed a hungry ghost
  2027 | D:7      | Killed a hungry ghost
  2027 | D:7      | Reached XP level 8. HP: 49/72 MP: 7/7
  2535 | D:8      | Noticed Joseph
  2550 | D:8      | Offered knowledge of Ignite Poison by Vehumet.
  2580 | D:8      | Killed Joseph
  2580 | D:8      | Gained mutation: You passively map the area around you. [Deep Dwarf growth]
  2580 | D:8      | Reached XP level 9. HP: 48/79 MP: 5/5
  2696 | D:8      | Learned a level 3 spell: Ignite Poison
  2698 | D:8      | Found a burning altar of Makhleb.
  2862 | D:8      | Reached *** piety under Vehumet
  3323 | D:9      | HP: 4/80 [something (9)]
  3388 | D:9      | HP: 1/80 [something (5)]
  3389 | D:9      | Slain by a vampire

Skill      XL: |  1  2  3  4  5  6  7  8  9 |
---------------+----------------------------+-----
Dodging        | 1 2 3 |  3.2
Shields        | 4 5 6 7 |  7.0
Fighting       | 3 4 |  4.9
Long Blades    | 3 4 5 6 7 |  7.3
Armour         | 4 5 7 |  7.5
Evocations     | 1 2 3 |  3.6
Throwing       | |  0.5
Stealth        | |  0.6
Spellcasting   | |  0.2
Conjurations   | |  0.3
Fire Magic     | |  0.5

Action                   |  1- 3 |  4- 6 |  7- 9 || total
-------------------------+-------+-------+-------++-------
Melee: Long sword        |   104 |   104 |   427 ||   635
       Blowgun           |       |       |    16 ||    16
 Fire: Blowgun           |       |       |     9 ||     9
 Abil: Device Recharging |       |     2 |     8 ||    10
Evoke: Wand              |     1 |     9 |    39 ||    49
  Use: Scroll            |     5 |       |     8 ||    13
       Potion            |       |     1 |     2 ||     3
  Eat: Beef jerky        |       |     1 |     1 ||     2
       Pizza             |       |     1 |       ||     1
       Meat ration       |       |       |     3 ||     3
       Bread ration      |       |       |     1 ||     1
       Fruit             |       |       |     2 ||     2
       Royal jelly       |       |       |     1 ||     1
Armor: Scale mail        |    69 |    28 |    23 ||   120
       Chain mail        |       |       |   205 ||   205
Dodge: Dodged            |    48 |    38 |   114 ||   200
Block: Shield            |    92 |    51 |   271 ||   414
       Rpst.: Long sword |    18 |    10 |    28 ||    56
